 Dungeon Crawl Stone Soup version 0.30-a0-782-ge64f9170bb (webtiles) character file.

Game seed: 16792992521771454711

7414 HoaS the Marksgargoyle (level 11, -6/59 HPs)
             Began as a Gargoyle Hunter on Mar 10, 2023.
             Was a Believer of the Shining One.
             Mangled by a catoblepas (26 damage)
             ... on level 1 of the Lair of Beasts.
             The game lasted 00:24:34 (9910 turns).

HoaS the Marksgargoyle (Gargoyle Hunter)            Turns: 9910, Time: 00:24:35

Health: -6/59      AC: 17    Str: 15    XL:     11   Next: 14%
Magic:  15/15      EV: 13    Int: 10    God:    the Shining One [**....]
Gold:   323        SH:  5    Dex: 23    Spells: 10/10 levels left

rFire   . . .      SeeInvis .    a - +1 shortbow
rCold   . . .      Faith    .    (shield currently unavailable)
rNeg    + + .      Spirit   .    n - +0 steam dragon scales
rPois   ∞          Reflect  +    (no helmet)
rElec   +          Harm     .    p - +2 cloak
rCorr   +          Rampage  .    e - +0 pair of gloves
Will    .....                    (no boots)
Stlth   +                        u - amulet of reflection
HPRegen 0.29/turn                h - +6 ring of dexterity
MPRegen 0.14/turn                l - ring of resist corrosion

@: glowing, studying Short Blades
A: sickness immunity, AC +8, negative energy resistance 1, electricity
resistance, torment resistance 1, petrification resistance
a: Renounce Religion, Divine Shield


You were on level 1 of the Lair of Beasts.
You worshipped the Shining One.
The Shining One was pleased with you.
You visited 3 branches of the dungeon, and saw 11 of its levels.
You also visited: Bailey.

You collected 670 gold pieces.
You spent 347 gold pieces at shops.

Inventory:

Hand Weapons
 a - a +1 shortbow (weapon)
 s - a +1 longbow
Missiles
 i - 6 throwing nets
Armour
 e - a +0 pair of gloves (worn)
 n - +0 steam dragon scales (worn)
 p - a +2 cloak (worn)
Jewellery
 c - a ring of willpower
 h - a +6 ring of dexterity (left hand)
 j - a ring of flight
 l - a ring of resist corrosion (right hand)
 u - an amulet of reflection (around neck)
Wands
 g - a wand of roots (8)
 v - a wand of polymorph (5)
Scrolls
 b - a scroll of immolation
 f - 3 scrolls of poison
 k - 4 scrolls of blinking
 o - 3 scrolls of teleportation
 t - 2 scrolls of fear
Potions
 d - 5 potions of flight
 m - 2 potions of curing
 q - 4 potions of mutation
 r - a potion of attraction


   Skills:
 + Level 2.9 Fighting
 - Level 16.0 Ranged Weapons
 * Level 2.5 Dodging
 - Level 1.1 Stealth
 + Level 5.3 Invocations


You had 10 spell levels left.
You didn't know any spells.
Your spell library contained the following spells:

 Spells                   Type           Power      Damage    Failure   Level
 Apportation              Tloc           0%         N/A       36%         1
 Freeze                   Ice            0%         1d3       36%         1
 Necrotise                Necr           0%         1d4       36%         1
 Summon Small Mammal      Summ           0%         N/A       36%         1
 Static Discharge         Conj/Air       0%         2-2/arc   50%         2
 Frozen Ramparts          Ice            0%         1d1       75%         3
 Hailstorm                Conj/Ice       0%         3d3       75%         3
 Ignite Poison            Fire/Tmut/Pois 0%         N/A       75%         3
 Vhi's Electric Charge    Tloc/Air       0%         N/A       75%         3
 Arcjolt                  Conj/Air       0%         1d10      100%        5
 Irradiate                Conj/Tmut      0%         3d11      100%        5
 Lightning Bolt           Conj/Air       0%         1d11      100%        5
 Eringya's Noxious Bog    Tmut/Pois      0%         N/A       100%        6
 Chain Lightning          Conj/Air       0%         N/A       100%        9
 Fire Storm               Conj/Fire      0%         5d1       100%        9
 Shatter                  Erth           0%         3d5*      100%        9


Dungeon Overview and Level Annotations

Branches:
Dungeon (9/15)             Temple (1/1) D:7            Lair (1/5) D:8
 Bailey (visited)
    Orc: D:9-12

Altars:
Cheibriados
Dithmenos
Elyvilon
Fedhas
Gozag
Hepliaklqana
Kikubaaqudgha
Makhleb
Nemelex Xobeh
Okawaru
Qazlal
Ru
Sif Muna
Trog
Uskayaw
Vehumet
Wu Jian
Xom
Yredelemnul
Zin
The Shining One

Shops:
D:6 *(

Annotations:
D:8 2 transporters


Innate Abilities, Weirdness & Mutations

You are immune to sickness and miasma.
Your stone body is resilient. (AC +8)
You are immune to poison.
You resist negative energy. (rN+)
You are resistant to electric shocks. (rElec)
You are resistant to unholy torment.
You are immune to petrification.


Message History

You shoot an arrow. The arrow hits the cane toad.
You kill the cane toad!
No target in view!
Magic restored.
Found a shortbow.
You now have 323 gold pieces (gained 13).
A catoblepas comes into view.
The catoblepas bellows!
You hear a bellow! x2
The catoblepas breathes a plume of calcifying dust at you.
The blast of calcifying dust hits you but does no damage.
The catoblepas moves out of view.
The catoblepas breathes a plume of calcifying dust at you.
The blast of calcifying dust hits you but does no damage.
A yak comes into view.
The catoblepas breathes a plume of calcifying dust at you.
The blast of calcifying dust hits you.
The yak bellows!
You shoot an arrow.
The arrow hits the catoblepas but does no damage.
The catoblepas misses you.
You shoot an arrow.
The arrow hits the catoblepas but does no damage.
You shoot an arrow. The arrow hits the catoblepas!
The catoblepas is lightly wounded.
You hear a bellow!
The catoblepas gores you!! The yak gores you.
You shoot an arrow. The arrow hits the catoblepas.
The catoblepas is lightly wounded.
A yak comes into view.
The yak closely misses you. The catoblepas barely misses you.
You shoot an arrow. The arrow hits the catoblepas.
The catoblepas is moderately wounded.
You shoot an arrow.
The arrow hits the catoblepas but does no damage.
The catoblepas is moderately wounded.
The catoblepas gores you but does no damage.
You shoot an arrow. The arrow hits the catoblepas.
The catoblepas is moderately wounded.
The catoblepas gores you!!
You die...

.............. ..
.............. #.
#####.#.###### ##.
##..#.## #..# #......#
#.. ###...P# #..##
##.P.### #YY## #.....#
##.##@Y#####.....#
...............##......
.........§..........~~~.
...................~≈≈~~
...........§.......~≈≈≈~
...................~≈≈≈≈
...............)....~≈≈≈
...###############..~~
....


You could see a catoblepas and 2 yaks.

Vanquished Creatures
  Pikel (D:9)
  A cane toad (Lair:1)
  A gargoyle (D:6)
  Maggie (D:6)
  Prince Ribbit (D:5)
  A troll (D:9)
  A hornet (D:6)
  A wyvern (D:9)
  A steam dragon (D:9)
  A yak (D:8)
  An acid dragon (D:6)
  5 water moccasins (D:8)
  5 orc warriors
  2 ice beasts (D:6)
  2 black bears (D:8)
  2 sky beasts
  4 centaurs
  An ogre (D:5)
  A phantom (D:4)
  4 lemures (D:9)
  7 bullfrogs
  5 kobold brigands
  2 gnoll sergeants (D:9)
  A necrophage (D:5)
  2 scorpions
  4 wights (D:9)
  14 killer bees
  2 howler monkeys (D:6)
  A crimson imp (D:4)
  4 hounds
  2 jellies
  A gnoll bouda (D:9)
  5 orc priests
  3 iguanas
  4 orc wizards
  14 gnolls
  6 adders
  A white imp (D:6)
  2 ufetubi
  2 worms
  5 dart slugs
  54 orcs
  6 ball pythons
  3 endoplasms
  3 giant cockroaches
  6 goblins
  16 hobgoblins
  6 jackals
  25 kobolds
  6 bats
  A frilled lizard (D:1)
  A goblin zombie (D:4)
  3 hobgoblin zombies (D:4)
  3 kobold zombies (D:4)
  2 orc skeletons (D:4)
  An orc zombie (D:4)
  9 rats (D:1)
269 creatures vanquished.

Vanquished Creatures (collateral kills)
  A rat (D:2)
1 creature vanquished.

Vanquished Creatures (others)
  65 fungi
  52 plants (D:8)
  4 toadstools (D:2)
121 creatures vanquished.

Grand Total: 391 creatures vanquished

Notes
Turn   | Place    | Note
-------+----------+-------------------------------------------
     0 | D:1      | HoaS the Gargoyle Hunter began the quest for the Orb.
     0 | D:1      | Reached XP level 1. HP: 12/12 MP: 1/1
   126 | D:1      | Reached XP level 2. HP: 17/17 MP: 2/2
   351 | D:1      | Reached XP level 3. HP: 21/21 MP: 3/3
   355 | D:1      | Reached skill level 5 in Ranged Weapons
   886 | D:2      | You fall into a shaft and drop 2 floors!
  1014 | D:4      | Reached XP level 4. HP: 26/26 MP: 4/4
  1600 | D:2      | Reached skill level 6 in Ranged Weapons
  1601 | D:2      | Found a hazy altar of Hepliaklqana.
  1902 | D:3      | Reached XP level 5. HP: 30/30 MP: 5/5
  2463 | D:4      | Found a glowing golden altar of the Shining One.
  2558 | D:4      | Reached skill level 7 in Ranged Weapons
  2558 | D:4      | Reached XP level 6. HP: 35/35 MP: 6/6
  2659 | D:4      | Became a worshipper of the Shining One
  3133 | D:4      | Found an opulent altar of Gozag.
  3296 | D:5      | Entered Level 5 of the Dungeon
  3302 | D:5      | Reached skill level 1 in Invocations
  3365 | D:5      | Reached XP level 7. HP: 33/40 MP: 5/8
  3404 | D:5      | Reached skill level 8 in Ranged Weapons
  3776 | D:5      | Noticed Prince Ribbit
  3786 | D:5      | Killed Prince Ribbit
  3926 | D:5      | Reached skill level 9 in Ranged Weapons
  3926 | D:5      | Reached XP level 8. HP: 44/44 MP: 10/10
  4306 | D:6      | Found Uneps's Antique Weapon Shop.
  4314 | D:6      | Bought a longbow for 175 gold pieces
  4359 | D:6      | Found a shimmering blue altar of Sif Muna.
  4378 | D:6      | Noticed Maggie
  4393 | D:6      | Killed Maggie
  4394 | D:6      | Reached skill level 10 in Ranged Weapons
  4433 | D:6      | Noticed a hornet
  4446 | D:6      | Killed a hornet
  4447 | D:6      | Reached skill level 11 in Ranged Weapons
  4602 | D:6      | Reached XP level 9. HP: 48/48 MP: 11/11
  4604 | D:6      | Noticed a gargoyle
  4620 | D:6      | Killed a gargoyle
  4735 | D:6      | Reached skill level 12 in Ranged Weapons
  4913 | D:6      | Found Dupreoram's Assorted Antiques.
  5045 | D:6      | Bought a scroll of enchant armour for 172 gold pieces
  5313 | D:7      | Found a staircase to the Ecumenical Temple.
  5412 | D:7      | Found a flagged portal.
  5451 | Bailey   | Entered a bailey
  5563 | Bailey   | Noticed an orc knight
  5648 | Bailey   | Reached * piety under the Shining One
  5697 | Bailey   | Reached skill level 13 in Ranged Weapons
  5975 | D:7      | Identified the +0 halberd "Syekkoun" {spect, rCorr Int+2}
  6123 | D:7      | Reached XP level 10. HP: 53/53 MP: 12/12
  6197 | D:7      | Found a shimmering altar of Xom.
  6262 | D:7      | Identified the +2 leather armour "Minu" {Int+8}
  6588 | D:7      | Found a bloodstained altar of Trog.
  6781 | Temple   | Entered the Ecumenical Temple
  7070 | D:8      | Noticed a cyan ugly thing
  7173 | D:8      | Noticed a two-headed ogre
  7188 | D:8      | Reached skill level 14 in Ranged Weapons
  7195 | D:8      | Found a transporter.
  7321 | D:8      | Got the Essays on Foul Composition
  7769 | D:8      | Found a staircase to the Lair.
  7795 | D:8      | Found a transporter.
  7797 | D:8      | Identified the ring "Pogouwno" {rC+ Int+7}
  7797 | D:8      | Noticed a centaur warrior
  7943 | D:8      | Reached skill level 5 in Invocations
  8156 | D:9      | Reached skill level 15 in Ranged Weapons
  8441 | D:9      | The Shining One protects you from harm!
  8671 | D:9      | HP: 1/53 [wyvern (12)]
  8921 | D:9      | Reached ** piety under the Shining One
  9439 | D:9      | Noticed Pikel
  9507 | D:9      | Killed Pikel
  9508 | D:9      | Reached skill level 16 in Ranged Weapons
  9508 | D:9      | Reached XP level 11. HP: 47/57 MP: 14/14
  9809 | Lair:1   | Entered Level 1 of the Lair of Beasts
  9900 | Lair:1   | Noticed a catoblepas
  9910 | Lair:1   | Mangled by a catoblepas

Illustrated notes

Levels and vault maps discovered:
D:1:      minmay_arrival_widening_spiral_wide, layout_loops_ring, st_stairs_4
D:2:      layout_rooms, basic_altar, corexii_item_surrounded_by_moat,
          minmay_gold_behind_fungi, kennysheep_small_spiral
D:3:      layout_basic, serial_glass, glass_columns_a, glass_columns_c
D:4:      layout_basic, nicolae_tso_besieged_by_evil,
          nicolae_gozag_cash_rules_everything_around_me
D:5:      layout_loops_ring, minmay_crystal_water, minmay_misc_feat_tiny,
          amcnicky_mini_rare_corridor_liquid, uniq_prince_ribbit1
D:6:      layout_cave_pools, mainiacjoe_overflow_concentric_impassable,
          serial_shops, shop, nicolae_inconvenience_store, minmay_manual_moon,
          uniq_maggie
D:7:      layout_cave_pods, trog_hazing_becter, lemuel_coloured_pillars_altar,
          temple_fountains, enter_bailey_2
D:8:      gammafunk_the_bubble [the_bubble_gammafunk_grid], layout_cave_pods,
          due_lair_maze_entry_diamond
D:9:      layout_cave_pods, st_stairs_9, kennysheep_generic_room_6, uniq_pikel
Temple:   minmay_temple_bridge_d
Lair:1:   layout_big_grid, chequers_serial_rivers_micro_c, beast_lair_carwin_11,
          grunt_megastairs_5, infiniplex_staircase_pool

Skill      XL: |  1  2  3  4  5  6  7  8  9 10 11 |
---------------+----------------------------------+-----
Ranged Weapons | 5 6 7 9 11 13 16 | 16.0
Invocations    | 1 3 5 |  5.3
Dodging        | 2 |  2.5
Fighting       | |  2.9
Stealth        | |  1.1

Action                     |  1- 3 |  4- 6 |  7- 9 | 10-12 || total
---------------------------+-------+-------+-------+-------++-------
  Melee: Shortbow          |       |       |       |     2 ||     2
   Fire: Shortbow          |    91 |   186 |   377 |   453 ||  1107
 Invoke: Divine Shield     |       |       |       |     2 ||     2
    Use: Scroll            |     3 |    14 |     7 |     2 ||    26
         Potion            |       |       |     5 |     4 ||     9
 Armour: Leather armour    |     8 |    42 |    30 |       ||    80
         Steam dragon scal |       |       |    36 |    98 ||   134
  Dodge: Dodged            |    21 |    47 |   118 |   106 ||   292
  Block: Other             |       |       |    18 |    85 ||   103
         Reflection        |       |       |     1 |     5 ||     6

Table legend: (Time is in decaauts)
 A = Elapsed time spent in this place.
 B = Non-inter-level travel time spent in this place.
 C = Inter-level travel time spent in this place.
 D = Time resting spent in this place.
 E = Time spent auto-exploring this place.
 F = Levels seen in this place.
 G = Mean time per level.
                   A        B        C        D        E       F      G
               +--------+--------+--------+--------+--------+-----+--------+
         Total |   9840 |   9374 |    466 |   1833 |   5714 |  12 |  820.0 |
       Dungeon |   8997 |   8542 |    455 |   1615 |   5314 |   9 |  999.7 |
        Temple |    231 |    222 |      9 |      0 |    213 |   1 |  231.0 |
          Lair |     93 |     93 |      0 |      0 |     63 |   1 |   93.0 |
        Bailey |    517 |    517 |      0 |    218 |    123 |   1 |  517.0 |
               +--------+--------+--------+--------+--------+-----+--------+

Top non-repeatable levels by time:
     D:9: 1581 daAuts
     D:8: 1105 daAuts
     D:4: 1081 daAuts
     D:6: 1022 daAuts
     D:5: 990 daAuts
     D:7: 941 daAuts
     D:1: 789 daAuts
     D:2: 753 daAuts
     D:3: 732 daAuts
  Bailey: 517 daAuts
  Temple: 231 daAuts
  Lair:1: 93 daAuts
